 Dungeon Crawl Stone Soup version 0.29.1-15-g9cfb28693d (webtiles) character file.

Game seed: 4341261329765739541

682 booth the Chopper (level 7, -1/54 HPs)
             Began as a Demonspawn Gladiator on Apr 25, 2023.
             Was a Believer of Nemelex Xobeh.
             Succumbed to a water moccasin's poison
             ... on level 5 of the Dungeon on Apr 26, 2023.
             The game lasted 00:26:42 (4872 turns).

booth the Chopper (Demonspawn Gladiator)            Turns: 4872, Time: 00:26:43

Health: -1/54      AC:  8    Str: 16    XL:     7   Next: 34%
Magic:  7/7        EV: 13    Int: 10    God:    Nemelex Xobeh [**....]
Gold:   169        SH:  0    Dex: 14    Spells: 6/6 levels left

rFire   + . .      SeeInvis .   b - +1 flail (drain)
rCold   . . .      Faith    .   (no shield)
rNeg    . . .      Spirit   .   j - +3 leather armour {rF+}
rPois   .          Reflect  .   (helmet restricted)
rElec   .          Harm     .   (no cloak)
rCorr   .          Rampage  .   (no gloves)
Will    .....                   (no boots)
Stlth   +.........              (no amulet)
HPRegen 0.18/turn               (no ring)
MPRegen 0.10/turn               (no ring)

@: lethally poisoned (-1 -> -10)
A: horns 2, sharp scales 2, demonic magic 1
a: Renounce Religion, Draw Escape, Draw Destruction, Draw Summoning


You were on level 5 of the Dungeon.
You worshipped Nemelex Xobeh.
Nemelex Xobeh was pleased with you.
You visited 1 branch of the dungeon, and saw 5 of its levels.
You also visited: Sewer.

You collected 221 gold pieces.
You spent 52 gold pieces at shops.

Inventory:

Hand Weapons
 a - a +0 war axe
 b - a +1 flail of draining (weapon)
 n - a +0 mace
Missiles
 d - a throwing net (quivered)
 u - 4 datura-tipped darts
Armour
 j - a +3 leather armour of fire resistance (worn)
Wands
 c - a wand of iceblast (6)
 v - a wand of digging (8)
Scrolls
 f - 2 scrolls of teleportation
 m - a scroll of butterflies
 p - 3 scrolls of enchant armour
 r - a scroll of amnesia {unknown}
 t - a scroll of torment {unknown}
 w - a scroll of poison {unknown}
Potions
 g - a potion of might
 h - a potion of haste
 i - a potion of curing
 l - a potion of magic
 o - a potion of flight
 q - a potion of ambrosia
 s - a potion of invisibility {unknown}


   Skills:
 + Level 4.0 Fighting
 * Level 5.3 Axes
 + Level 3.6 Throwing
 + Level 4.2 Dodging


You had 6 spell levels left.
You didn't know any spells.
Your spell library contained the following spells:

 Spells                   Type           Power      Damage    Failure   Level
 Beastly Appendage        Tmut           0%         N/A       43%         1
 Magic Dart               Conj           0%         1d3       43%         1
 Call Imp                 Summ           0%         N/A       56%         2
 Searing Ray              Conj           0%         2d4       56%         2
 Wereblood                Tmut           0%         N/A       56%         2
 Mephitic Cloud           Conj/Pois/Air  0%         N/A       80%         3
 Spider Form              Tmut/Pois      0%         N/A       80%         3
 Fulminant Prism          Conj/Hex       0%         3d6       99%         4


Dungeon Overview and Level Annotations

Branches:
Dungeon (5/15)             Temple (0/1) D:4           Sewer (visited)

Altars:
Nemelex Xobeh
Okawaru
Wu Jian
Xom

Shops:
D:5 ?


Innate Abilities, Weirdness & Mutations

You have a pair of horns on your head.
You are mostly covered in razor-sharp scales. (AC +2, Slay +2)
Spells you cast may paralyse adjacent enemies.


Message History

The datura-tipped dart closely misses the water moccasin.
You feel sick.
You feel better. The water moccasin bites you.
* * * LOW HITPOINT WARNING * * *
The water moccasin misses you.
You feel better.
The water moccasin bites you but does no damage.
You closely miss the water moccasin.
Your headbutt misses the water moccasin.
The water moccasin is moderately wounded.
The water moccasin bites you. The water moccasin misses you.
You closely miss the water moccasin.
You headbutt the water moccasin, but do no damage.
The water moccasin is moderately wounded.
The water moccasin misses you.
You completely miss the water moccasin.
The water moccasin is moderately wounded.
The water moccasin bites you.
* * * LOW HITPOINT WARNING * * *
The water moccasin bites you.
* * * LOW HITPOINT WARNING * * *
You are lethally poisoned!
The water moccasin poisons you!
You hit the water moccasin. You drain the water moccasin.
The water moccasin is heavily wounded.
* * * LOW HITPOINT WARNING * * *
You feel very sick.
The water moccasin bites you but does no damage.
The water moccasin barely misses you.
You closely miss the water moccasin.
The water moccasin is heavily wounded.
* * * LOW HITPOINT WARNING * * *
You feel very sick.
The water moccasin bites you but does no damage.
The water moccasin bites you.
* * * LOW HITPOINT WARNING * * *
You barely miss the water moccasin.
The water moccasin is heavily wounded.
You die...
Your body glows slightly and disappears.

....#.....#......#
....+.....#......#........
....#.....#......#........
....#.....#......#........
....#.....#......#.((...
....#.....#......#.....
....#'##########'##).# ##
'###.....###.##..##..###...
...'.....#....#.@S.)..'(...
...#.....#....#.......#....
...#.....#....#.......# .
...#.....#....#....)..#
...#.......#.####)..###
############.####...#
#.....#)..'......
#.....#...#......
#.....#...#......


You could see a water moccasin (drained).

Vanquished Creatures
  Edmund (D:4)
  A water moccasin (Sewer)
  An ogre (D:5)
  An orc priest (D:5)
  Ijyb (D:4)
  A gnoll (D:1)
  4 adders
  A river rat (D:4)
  5 dart slugs
  8 orcs
  6 endoplasms
  2 giant cockroaches
  7 goblins
  4 hobgoblins
  2 jackals (Sewer)
  5 quokkas
  7 ball pythons
  6 bats
  3 frilled lizards
  7 kobolds
  2 rats
75 creatures vanquished.

Vanquished Creatures (collateral kills)
  4 killer bees (D:4)
  A worm (D:4)
  A dart slug (D:4)
  A giant cockroach (D:4)
7 creatures vanquished.

Grand Total: 82 creatures vanquished

Notes
Turn   | Place    | Note
-------+----------+-------------------------------------------
     0 | D:1      | booth the Demonspawn Gladiator began the quest for the Orb.
     0 | D:1      | Reached XP level 1. HP: 16/16 MP: 1/1
   370 | D:1      | Gained mutation: You are partially covered in razor-sharp
                  | scales. (AC +1, Slay +1) [demonic ancestry]
   370 | D:1      | Reached XP level 2. HP: 16/22 MP: 2/2
   649 | D:1      | Reached skill level 3 in Axes
   731 | D:1      | Found a faded altar of an unknown god.
   740 | D:1      | Prayed at the altar of an unknown god.
   740 | D:1      | Became a worshipper of Nemelex Xobeh the Trickster
   740 | D:1      | Reached * piety under Nemelex Xobeh
  1060 | D:1      | Gained mutation: You are mostly covered in razor-sharp
                  | scales. (AC +2, Slay +2) [demonic ancestry]
  1060 | D:1      | Reached XP level 3. HP: 23/28 MP: 3/3
  1225 | D:2      | Received a gift from Nemelex Xobeh
  1233 | D:2      | Identified the -1 quarterstaff of the Last Wars {vamp,
                  | rElec rPois Will+}
  1993 | D:3      | Reached XP level 4. HP: 34/34 MP: 4/4
  2573 | D:4      | Reached ** piety under Nemelex Xobeh
  2827 | D:4      | Found a glowing drain.
  2836 | Sewer    | Entered a sewer
  2941 | Sewer    | Noticed a water moccasin
  2948 | Sewer    | Killed a water moccasin
  2949 | Sewer    | Reached skill level 4 in Axes
  2949 | Sewer    | Gained mutation: You have a pair of small horns on your
                  | head. [demonic ancestry]
  2949 | Sewer    | Reached XP level 5. HP: 29/41 MP: 5/5
  3266 | D:4      | Found a shimmering altar of Xom.
  3280 | D:4      | Gained mutation: Spells you cast may paralyse adjacent
                  | enemies. [demonic ancestry]
  3280 | D:4      | Reached XP level 6. HP: 31/47 MP: 6/6
  3299 | D:4      | Found a shimmering altar of Xom.
  3299 | D:4      | Found a shimmering altar of Xom.
  3299 | D:4      | Found a shimmering altar of Xom.
  3299 | D:4      | Found a shimmering altar of Xom.
  3303 | D:4      | Found a shimmering altar of Xom.
  3303 | D:4      | Found a shimmering altar of Xom.
  3493 | D:4      | Found an ornate altar of the Wu Jian Council.
  3529 | D:4      | Noticed Edmund
  3582 | D:4      | Killed Edmund
  3583 | D:4      | Reached skill level 5 in Axes
  3583 | D:4      | Gained mutation: You have a pair of horns on your head.
                  | [demonic ancestry]
  3583 | D:4      | Reached XP level 7. HP: 11/49 MP: 7/7
  3846 | D:4      | Noticed Ijyb
  3862 | D:4      | Killed Ijyb
  4032 | D:4      | Found a staircase to the Ecumenical Temple.
  4286 | D:4      | Found an iron altar of Okawaru.
  4440 | D:5      | Entered Level 5 of the Dungeon
  4666 | D:5      | Found Luem's Magic Scroll Shop.
  4671 | D:5      | Bought a scroll of identify for 26 gold pieces
  4671 | D:5      | Bought a scroll of identify for 26 gold pieces
  4858 | D:5      | HP: 1/54 [poisoned by a water moccasin]
  4871 | D:5      | HP: 1/54 [water moccasin (3)]
  4872 | D:5      | Succumbed to a water moccasin's poison

Illustrated notes

Levels and vault maps discovered:
D:1:      dpeg_arrival_simpleton_c, layout_loops_ring,
          shapermc_ecumenical_altar_hornbeckon
D:2:      layout_rooms, minmay_pentomino_z2
D:3:      kennysheep_big_flooded_room, layout_rooms, kennysheep_generic_room_16
D:4:      layout_loops_ring, nicolae_xom_altar_mimics,
          okawaru_altar_gauntlet_db, mainiacjoe_overflow_brackets,
          temple_doors_e, gup_sewer_entry_bubbles, uniq_edmund, uniq_ijyb
D:5:      minmay_angry_zag, layout_gridville, zin_purify, serial_shops,
          nicolae_shop_hallway_plus

Skill      XL: |  1  2  3  4  5  6  7 |
---------------+----------------------+-----
Throwing       | 2 3 |  3.6
Axes           | 3 4 5 |  5.3
Dodging        | 3 4 |  4.2
Fighting       | 3 4 |  4.0

Action                   |  1- 3 |  4- 6 |  7- 9 || total
-------------------------+-------+-------+-------++-------
Melee: War axe           |    79 |    98 |       ||   177
       Punch             |     1 |       |       ||     1
       Headbutt          |       |     5 |     7 ||    12
       Flail             |       |       |    36 ||    36
Throw: Javelin           |       |       |     7 ||     7
       Dart              |       |       |     2 ||     2
       Throwing net      |       |       |     2 ||     2
Invok: Draw Summoning    |     1 |     1 |       ||     2
       Draw Destruction  |       |     2 |       ||     2
       Draw Escape       |       |     3 |       ||     3
  Use: Scroll            |     4 |     1 |     5 ||    10
       Potion            |     2 |       |     5 ||     7
Armor: Leather armour    |    35 |    33 |     6 ||    74
Dodge: Dodged            |    57 |    78 |    25 ||   160
